Map: Zen LE

Players

ZhuGeLiang - Winner!

  • Race: Zerg Zerg
  • Spawn Location: 7:00

MCanning

  • Race: Protoss Protoss
  • Spawn Location: 1:00

Event: NationWars 2019

VOD

Have the link to the VOD?

Description

Time

  • Played on: Nov. 30, 2019, 3:16 p.m.
  • Length: 13:09
Show
View Real Time Build Order
Export as new Build Order

ZhuGeLiang Zerg - Winner!

Build Orders: Hatch First 

Get SALT Encoding   

  12  0:01  Drone  
  13  0:12  Overlord  
  13  0:17  Drone  
  14  0:30  Drone x2  
  16  0:49  Hatchery  
  15  0:51  Drone  
  15  0:55  Drone  
  17  0:59  Drone  
  18  1:08  Extractor  
  17  1:15  Spawning Pool  
  16  1:19  Drone  
  16  1:20  Drone  
  18  1:28  Drone  
  19  1:40  Drone  
  20  1:50  Overlord  
  20  2:01  Queen x2  
  20  2:02  Zergling x2  
  20  2:03  Zergling x2  
  26  2:12  Metabolic Boost  
  26  2:14  Drone x2  
  28  2:22  Drone  
  29  2:27  Drone  
  30  2:35  Hatchery  
  29  2:38  Drone  
  29  2:40  Drone  
  31  2:45  Overlord  
  31  2:52  Queen  
  31  2:56  Drone x2  
  35  3:00  Drone  
  36  3:06  Drone x2  
  36  3:12  Drone  
  38  3:13  Overlord, Drone  
  38  3:14  Drone  
  38  3:18  Drone x2  
  42  3:26  Overlord  
  42  3:27  Drone  
  43  3:31  Queen  
  43  3:34  Overlord  
  45  3:37  Drone  
  46  3:47  Drone x6  
  52  3:51  Spore Crawler  
  52  3:53  Spore Crawler  
  52  3:54  Spore Crawler, Drone  
  50  3:58  Drone x2  
  52  4:05  Drone  
  52  4:06  Drone x3  
  52  4:09  Drone x2  
  58  4:14  Extractor x2  
  58  4:16  Overlord  
  56  4:18  Drone  
  56  4:19  Drone x2  
  56  4:22  Zergling x4  
  61  4:28  Lair  
  61  4:31  Queen x2  
  61  4:34  Zergling x6  
  68  4:43  Drone  
  68  4:44  Drone x5  
  74  4:49  Evolution Chamber x2  
  74  4:50  Drone x3  
  74  4:53  Overlord  
  73  5:00  Overlord, Drone  
  73  5:03  Overlord  
  73  5:05  Extractor  
  73  5:06  Extractor  
  72  5:07  Drone  
  72  5:09  Extractor, Drone x2  
  72  5:13  Drone x6  
  80  5:15  Zerg Ground Armor Level 1  
  80  5:17  Zerg Melee Weapons Level 1  
  80  5:22  Drone  
  80  5:23  Drone x3  
  80  5:26  Overseer  
  84  5:33  Hatchery, Drone  
  81  5:40  Drone x5  
  81  5:41  Drone x3  
  88  5:47  Spire  
  88  5:49  Drone  
  87  5:52  Drone x3  
  87  5:53  Drone  
  89  6:00  Zergling x8  
  89  6:03  Hatchery  
  92  6:13  Zergling x6  
  95  6:21  Extractor  
  95  6:22  Spire  
  95  6:23  Drone x2  
  95  6:24  Drone x3  
  98  6:26  Extractor  
  98  6:27  Overlord x2  
  98  6:28  Overlord  
  97  6:35  Baneling Nest, Overlord  
  95  6:51  Overlord  
  95  7:00  Spore Crawler, Corruptor  
  95  7:01  Zerg Flyer Weapons Level 1, Corruptor x7  
  96  7:03  Corruptor  
  112  7:09  Overlord  
  112  7:11  Zerg Melee Weapons Level 2  
  112  7:14  Corruptor  
  114  7:16  Drone x5  
  119  7:26  Extractor  
  119  7:27  Corruptor, Drone x4  
  119  7:28  Corruptor  
  126  7:31  Extractor  
  125  7:38  Drone  
  125  7:39  Overlord  
  125  7:41  Zergling x2  
  125  7:42  Zergling x16  
  135  7:45  Zerg Flyer Armor Level 1  
  135  7:47  Centrifical Hooks  
  135  7:50  Corruptor  
  136  8:00  Zergling x20  
  136  8:04  Overlord  
  146  8:12  Corruptor x3  
  152  8:22  Corruptor x4  
  160  8:27  Baneling  
  160  8:28  Baneling x10  
  160  8:31  Overlord  
  160  8:37  Corruptor  
  160  8:38  Corruptor x2  
  162  8:43  Corruptor  
  162  8:44  Corruptor  
  164  8:53  Corruptor x3  
  162  8:59  Zergling x12  
  159  9:06  Zergling x14  
  159  9:20  Zergling x12  
  159  9:21  Zergling x10  
  168  9:28  Zerg Flyer Weapons Level 2  
  167  9:32  Hatchery  
  167  9:35  Overlord x2  
  166  9:45  Zergling x10  
  166  9:51  Zergling x2  
  166  9:52  Zergling x12  
  158  9:56  Zerg Ground Armor Level 2  
  158  9:58  Baneling x9  
  158  9:59  Baneling x10  
  152  10:03  Zerg Flyer Armor Level 2  
  152  10:13  Infestation Pit  
  151  10:16  Corruptor x3  
  151  10:29  Corruptor x3  
  151  10:30  Corruptor  
  142  10:42  Corruptor x3  
  129  10:46  Corruptor x2  
  129  10:48  Pneumatized Carapace  
  129  10:49  Overseer  
  130  10:58  Zergling x14, Spore Crawler  
  136  11:09  Corruptor  
  136  11:10  Corruptor x3  
  144  11:14  Baneling x6  
  144  11:23  Corruptor x2, Hive  
  147  11:39  Corruptor x5  
  150  11:44  Corruptor  
  157  11:50  Corruptor x2  
  157  11:54  Overseer x3  
  161  11:57  Zergling x10  
  166  12:04  Zergling x2  
  166  12:05  Zergling x10  
  170  12:16  Corruptor  
  170  12:17  Corruptor x2  
  170  12:18  Corruptor  
  177  12:34  Corruptor x2  
  181  12:37  Overlord  
  181  12:45  Overlord  
Show
View Real Time Build Order
Export as new Build Order

MCanning Protoss 

Build Orders: 1 Gate Expand, Oracle Opening, Phoenix Opening 

Get SALT Encoding   

  12  0:00  Probe  
  13  0:12  Probe  
  14  0:20  Pylon  
  14  0:25  Probe  
  15  0:38  Probe (Chrono Boost)  
  15  0:39  Gateway  
  16  0:49  Assimilator  
  17  0:50  Probe (Chrono Boost)  
  17  0:54  Probe (Chrono Boost)  
  18  1:05  Probe  
  19  1:17  Probe  
  20  1:25  Nexus  
  20  1:35  Cybernetics Core  
  20  1:37  Probe  
  21  1:45  Assimilator  
  21  1:50  Probe  
  21  1:53  Pylon  
  22  2:02  Probe  
  23  2:09  Adept (Chrono Boost)  
  26  2:15  Probe (Chrono Boost)  
  26  2:22  Stargate  
  26  2:23  Probe (Chrono Boost)  
  27  2:30  Probe  
  27  2:31  Stalker  
  30  2:38  Warp Gate  
  30  2:41  Probe (Chrono Boost)  
  32  2:48  Probe (Chrono Boost)  
  32  2:50  Probe (Chrono Boost)  
  33  2:55  Probe x2 (Chrono Boost)  
  35  3:05  Phoenix (Chrono Boost)  
  35  3:06  Probe  
  35  3:07  Probe  
  39  3:16  Pylon  
  39  3:18  Probe  
  39  3:19  Probe  
  41  3:24  Oracle (Chrono Boost)  
  44  3:29  Assimilator  
  44  3:30  Probe  
  44  3:31  Probe  
  44  3:33  Assimilator  
  46  3:40  Pylon  
  46  3:42  Probe  
  46  3:44  Probe  
  48  3:48  Gateway  
  48  3:53  Oracle (Chrono Boost)  
  48  3:54  Probe  
  52  3:56  Probe  
  53  4:06  Probe  
  53  4:08  Probe  
  55  4:12  Pylon  
  55  4:18  Probe  
  55  4:20  Probe  
  55  4:22  Fleet Beacon  
  57  4:27  Stargate  
  57  4:31  Probe  
  58  4:32  Probe  
  59  4:39  Nexus  
  59  4:43  Probe  
  59  4:44  Pylon  
  59  4:45  Probe  
  61  4:51  Pylon  
  61  4:55  Probe  
  61  4:57  Probe  
  69  5:09  Carrier (Chrono Boost)  
  69  5:18  Probe  
  69  5:21  Carrier (Chrono Boost)  
  76  5:22  Pylon  
  76  5:24  Shield Battery  
  76  5:38  Probe  
  76  5:40  Protoss Air Weapons Level 1  
  76  5:41  Adept x2, Pylon  
  76  5:42  Probe  
  81  5:45  Stargate  
  79  5:50  Probe  
  79  5:54  Probe  
  81  5:58  Probe  
  81  6:02  Probe  
  81  6:04  Forge  
  83  6:06  Probe  
  83  6:10  Probe  
  91  6:12  Carrier (Chrono Boost)  
  91  6:14  Probe  
  91  6:15  Stalker  
  94  6:18  Assimilator, Probe  
  94  6:20  Assimilator  
  94  6:22  Probe  
  96  6:29  Probe  
  103  6:35  Carrier (Chrono Boost)  
  103  6:36  Probe  
  103  6:39  Probe  
  105  6:42  Probe  
  105  6:46  Photon Cannon  
  110  6:51  Void Ray (Chrono Boost)  
  110  6:54  Photon Cannon  
  110  6:57  Probe  
  110  6:58  Pylon  
  110  7:01  Pylon  
  111  7:02  Void Ray (Chrono Boost)  
  111  7:08  Pylon  
  115  7:14  Unknown  
  115  7:17  Photon Cannon  
  115  7:27  Photon Cannon  
  115  7:28  Probe  
  120  7:30  Void Ray (Chrono Boost)  
  120  7:31  Void Ray (Chrono Boost)  
  120  7:34  Photon Cannon  
  120  7:35  Shield Battery  
  120  7:37  Pylon  
  124  7:48  Void Ray (Chrono Boost)  
  128  7:57  Protoss Air Weapons Level 2, Stalker  
  128  7:58  Stalker  
  129  8:09  Shield Battery  
  129  8:10  Void Ray (Chrono Boost)  
  129  8:20  Pylon x2  
  129  8:22  Pylon  
  129  8:23  Probe (Chrono Boost), Mothership (Chrono Boost)  
  129  8:25  Robotics Facility  
  129  8:26  Zealot x2  
  138  8:42  Nexus  
  138  8:45  Pylon  
  138  8:46  Void Ray  
  138  8:48  Pylon  
  138  8:50  Stalker x2  
  142  8:59  Void Ray (Chrono Boost)  
  145  9:06  Probe (Chrono Boost)  
  141  9:20  Probe (Chrono Boost)  
  141  9:22  Void Ray (Chrono Boost)  
  132  9:24  Pylon  
  132  9:26  Pylon  
  132  9:27  Carrier (Chrono Boost)  
  134  9:32  Zealot x2  
  134  9:33  Photon Cannon  
  107  9:53  Void Ray (Chrono Boost)  
  107  10:00  Zealot x2  
  107  10:06  Shield Battery  
  111  10:09  Observer  
  116  10:14  Stargate  
  116  10:16  Void Ray (Chrono Boost)  
  116  10:19  Photon Cannon, Void Ray (Chrono Boost)  
  119  10:25  Zealot  
  119  10:26  Zealot  
  123  10:30  Void Ray  
  98  10:38  Probe x2  
  87  10:43  Probe  
  84  10:50  Probe x2  
  84  10:52  Void Ray (Chrono Boost)  
  84  10:56  Probe  
  91  11:02  Probe x2, Observer  
  94  11:05  Nexus  
  94  11:06  Pylon  
  94  11:08  Probe, Void Ray (Chrono Boost)  
  99  11:14  Probe  
  99  11:15  Probe  
  101  11:23  Observer  
  101  11:25  Photon Cannon, Void Ray (Chrono Boost)  
  106  11:26  Shield Battery  
  103  11:38  Void Ray (Chrono Boost)  
  103  11:39  Zealot  
  108  11:41  Void Ray (Chrono Boost)  
  114  11:56  Void Ray (Chrono Boost)  
  114  12:00  Zealot  
  114  12:01  Zealot  
  118  12:02  Pylon  
  118  12:11  Void Ray (Chrono Boost)  
  118  12:26  Nexus  
  122  12:36  Pylon  
  121  12:42  Sentry x2  
Tags
 
Add a new tag
Caveats
  • Supply blocks, unpowered buildings, or Contaminate may cause inaccurate times.
  • Supply counts are checked every 10 seconds.